 Dungeon Crawl Stone Soup version 0.29-a0-283-ga02f740833 (webtiles) character file.

Game seed: 7409578872525340995

10716 Ajdolov the Fighter (level 11, -23/55 (58) HPs)
             Began as a Felid Summoner on Mar 13, 2022.
             Was an Initiate of Gozag.
             Killed by a bolt of negative energy (34 damage)
             ... invoked by the anger of Yredelemnul
             ... on level 3 of the Lair of Beasts.
             The game lasted 00:59:01 (18359 turns).

Ajdolov the Fighter (Felid Summoner)               Turns: 18359, Time: 00:59:02

HP:   -23/55 (58)   AC:  2    Str:  4    XL:     11   Next: 39%
MP:   6/17          EV: 32    Int: 21    God:    Gozag
Gold: 1264          SH:  0    Dex: 17    Spells: 6/16 levels left
                                        Lives: 0   Deaths: 2

rFire   + . .      SeeInvis +   (weapon unavailable)
rCold   . . .      Faith    .   (shield unavailable)
rNeg    . . .      Spirit   .   (body armour unavailable)
rPois   +          Reflect  .   (helmet unavailable)
rElec   .          Harm     .   (cloak unavailable)
rCorr   .          Rampage  .   (gloves unavailable)
Will    +....                   (boots unavailable)
Stlth   ++++......              c - amulet of the acrobat
HPRegen 0.18/turn               i - ring of poison resistance
MPRegen 0.15/turn               w - ring of protection from fire

@: gold aura, acrobatic, drained, quick
A: very small, claws 1, fangs 3, see invisible, speed 1, shaggy fur 2, stealthy
paws, no weapons or thrown items, no armour, multi-lived
a: Renounce Religion, Potion Petition, Call Merchant, Bribe Branch


You were on level 3 of the Lair of Beasts.
You worshipped Gozag.
Gozag was most pleased with you.
You visited 3 branches of the dungeon, and saw 15 of its levels.

You collected 1521 gold pieces.
You paid 257 gold pieces to Gozag.

Inventory:

Jewellery
 c - an amulet of the acrobat (around neck)
 i - a ring of poison resistance (left paw)
 j - a ring of positive energy
 v - a +6 ring of intelligence
 w - a ring of protection from fire (right paw)
 D - an amulet of reflection
 H - a +4 ring of evasion
Wands
 l - a wand of charming (3)
 x - a wand of polymorph (12)
 B - a wand of mindburst (21)
 E - a wand of flame (28)
Scrolls
 d - 3 scrolls of vulnerability
 f - 3 scrolls of teleportation
 g - 2 scrolls of immolation
 h - 3 scrolls of magic mapping {unknown}
 r - 3 scrolls of enchant weapon {unknown}
 t - 2 scrolls of silence
 u - 2 scrolls of noise {unknown}
 y - a scroll of fog {unknown}
 A - a scroll of enchant armour
 G - a scroll of identify
Potions
 a - a potion of magic
 b - 4 potions of curing
 e - 2 potions of resistance {unknown}
 k - a potion of might {unknown}
 m - 2 potions of lignification {unknown}
 n - a potion of brilliance {unknown}
 o - 3 potions of flight
 p - 2 potions of degeneration {unknown}
 q - 2 potions of invisibility {unknown}
 s - 2 potions of haste
 z - a potion of cancellation {unknown}
 C - 2 potions of ambrosia {unknown}
 F - a potion of attraction {unknown}
 I - a potion of berserk rage {unknown}
 J - a potion of mutation {unknown}


   Skills:
 + Level 13.3 Fighting
 - Level 2.6 Dodging
 - Level 8.0 Stealth
 - Level 3.4 Spellcasting
 - Level 11.1 Summonings
 * Level 9.2 Air Magic


You had 6 spell levels left.
You knew the following spells:

 Your Spells              Type           Power      Damage    Failure   Level
a - Summon Small Mammal   Summ           100%       N/A       1%          1
b - Call Imp              Summ           50%        N/A       1%          2
c - Call Canine Familiar  Summ           50%        N/A       1%          3
d - Summon Lightning Spi  Summ/Air       46%        N/A       1%          4

Your spell library contained the following spells:

 Spells                   Type           Power      Damage    Failure   Level
 Static Discharge         Conj/Air       23%        N/A       2%          2
 Summon Guardian Golem    Hex/Summ       27%        N/A       3%          3
 Mephitic Cloud           Conj/Pois/Air  16%        N/A       11%         3
 Foxfire                  Conj/Fire      12%        2x1d4     13%         1
 Magic Dart               Conj           12%        1d3       13%         1
 Blink                    Tloc           6%         N/A       19%         2
 Conjure Flame            Conj/Fire      3%         6-21      36%         3
 Inner Flame              Hex/Fire       3%         N/A       36%         3
 Tukima's Dance           Hex            3%         N/A       36%         3
 Anguish                  Hex/Necr       1%         N/A       77%         4
 Dispel Undead            Necr           3%         3d7       77%         4
 Flame Wave               Conj/Fire      3%         2d4       77%         4
 Sticky Flame             Conj/Fire      3%         2d3       77%         4
 Alistair's Intoxication  Tmut/Pois      2%         N/A       98%         5
 Blade Hands              Tmut           1%         N/A       98%         5
 Borgnjor's Vile Clutch   Necr/Erth      1%         N/A       98%         5
 Fireball                 Conj/Fire      1%         3d3       98%         5
 Manifold Assault         Tloc           3%         N/A       98%         5
 Eringya's Noxious Bog    Tmut/Pois      1%         N/A       100%        6
 Starburst                Conj/Fire      1%         6d3       100%        6
 Enfeeble                 Hex            1%         N/A       100%        7
 Storm Form               Tmut/Air       11%        N/A       100%        7
 Ignition                 Fire           1%         3d3       100%        8
 Portal Projectile        Hex/Tloc       Unusable   N/A       N/A         3
 Excruciating Wounds      Necr           Unusable   N/A       N/A         5

Dungeon Overview and Level Annotations

Branches:
Dungeon (11/15)            Temple (1/1) D:7            Lair (3/6) D:8
 Spider (0/4) Lair:2          Orc (0/2) D:10
  Swamp: Lair:2-4    Shoals: Lair:2-4

Altars:
Ashenzari
Cheibriados
Dithmenos
Elyvilon
Fedhas
Gozag
Hepliaklqana
Kikubaaqudgha
Makhleb
Nemelex Xobeh
Okawaru
Qazlal
Ru
Sif Muna
Trog
Uskayaw
Vehumet
Wu Jian
Xom
Yredelemnul
Zin
The Shining One

Portals:
Trove: D:10 (lose all piety)

Annotations:
D:3 Grinder
D:4 exclusion: scorpion, Menkaure
D:11 exclusions: boggart and shadow, Fannar
Lair:1 exclusion: Sonja, Harold


Innate Abilities, Weirdness & Mutations

You have sharp claws.
You have razor-sharp teeth.
You have supernaturally acute eyesight. (SInv)
You cover ground quickly. (Speed+)
You are covered in thick fur. (AC +2)
Your paws help you pounce on unaware monsters.
You are incapable of wielding weapons or throwing items.
You cannot wear armour.
You gain extra lives every three experience levels.


Message History

Unknown command.
A black mamba is nearby!
What are your orders? t - Meow!
Orders for allies: a - Attack new target. r - Retreat! s - Stop attacking. g - Guard the area. f - Follow me.
Anything else - Cancel.
Gang up on whom?
Press: ? - help, Dir - move target, f - black mamba
Aim: a black mamba (grey smoke, heavily wounded, not watching you, ally target) Attack!
The black mamba completely misses your wolf.
Your wolf misses the black mamba. The black mamba bites your wolf!
Your wolf is poisoned.
The black mamba poisons your wolf!
Your wolf bites the black mamba!
The black mamba bites your wolf!
Your wolf closely misses the black mamba.
The black mamba misses your wolf.
Your wolf bites the black mamba.
Unknown command.
Your wolf dies!
Your wolf's corpse disappears in a puff of smoke!
The black mamba closely misses you.
You scratch the black mamba but do no damage.
The black mamba is almost dead.
The black mamba barely misses you. The black mamba bites you!
* * * LOW HITPOINT WARNING * * *
Unknown command.
Aiming: Mindburst
Press: ? - help, Shift-Dir - straight line, f/p - black mamba
Aim: a black mamba (almost dead, chance to affect: 64%)
The black mamba's mind is blasted.
You blow up the black mamba!
Unknown command.
You start resting.
Yredelemnul's anger turns toward you for a moment.
The bolt of negative energy hits you!!
You feel drained.
Ouch! That really hurt!
You die...
Your body crumbles into a pile of gold.

..#.#.##.###...#
...............#
.##......>.#. ### ##
#.#....#.##
#..P#$##### ###.<.####
..........### ##..#
.........$..## ....#
....#...P....# ....##
#P..$#####@##.......##
### ### ##...# #P#.
####


You could see the anger of Yredelemnul (unaware).

Vanquished Creatures
  A black mamba (Lair:3)
  2 bullfrogs
  A scorpion (D:6)
  An orc priest (D:8)
  A gnoll (D:6)
  An adder (D:6)
  An orc (D:3)
  2 giant cockroaches
  A goblin (D:1)
  2 hobgoblins
  A kobold (D:9)
  2 quokkas
  A rat (D:1)
17 creatures vanquished.

Vanquished Creatures (collateral kills)
  A hydra (Lair:2)
  A two-headed ogre (D:11)
  Sonja (Lair:1)
  2 skeletal warriors (D:9)
  Pikel (D:8)
  A phantasmal warrior (D:7)
  A manticore (D:9)
  A black mamba (Lair:2)
  A centaur zombie (D:7)
  Maggie (D:8)
  An unseen horror (D:7)
  A rime drake (Lair:2)
  A komodo dragon (Lair:1)
  A troll (D:10)
  A hornet (D:9)
  5 blink frogs (Lair:1)
  A vampire (D:7)
  A basilisk (Lair:1)
  A spriggan (Lair:2)
  A human (D:10)
  A steam dragon (D:8)
  34 yaks
  A wyvern (D:9)
  2 redbacks (Lair:2)
  A vampire mosquito (D:9)
  4 water moccasins
  3 acid dragons
  A nameless horror (D:6)
  2 ice beasts
  2 sky beasts
  6 orc warriors
  3 black bears
  5 wolves (Lair:2)
  3 centaurs
  3 lemures (D:8)
  A phantom (D:5)
  4 kobold brigands
  6 bullfrogs
  2 necrophages
  4 scorpions
  14 wights
  9 killer bees
  5 howler monkeys
  7 orc priests
  2 jellies
  Terence (D:3)
  An iguana (D:7)
  Natasha (thrice) (D:3)
  An orc wizard (D:6)
  Ijyb (D:3)
  3 gnolls (D:6)
  10 adders
  4 shadow imps
  A howler monkey simulacrum (D:9)
  2 white imps
  2 worms
  A dart slug (D:1)
  45 orcs
  5 endoplasms
  4 giant cockroaches
  5 goblins
  3 hobgoblins
  2 jackals (D:2)
  A quokka (D:4)
  8 ball pythons
  5 bats
  A frilled lizard (D:2)
  13 kobolds
  2 orc zombies (D:8)
  4 rats
278 creatures vanquished.

Vanquished Creatures (others)
  A wyvern zombie (D:9)
  7 yak zombies (D:9)
  3 bullfrog zombies (D:8)
  A centaur zombie (D:8)
  2 scorpion zombies
  3 killer bee zombies
  A human zombie (D:8)
  3 howler monkey zombies
  An iguana zombie (D:7)
  4 kobold zombies
  11 orc zombies
  12 fungi
  13 plants
62 creatures vanquished.

Grand Total: 357 creatures vanquished

Notes
Turn   | Place    | Note
-------+----------+-------------------------------------------
     0 | D:1      | Ajdolov the Felid Summoner began the quest for the Orb.
     0 | D:1      | Reached XP level 1. HP: 7/7 MP: 4/4
   552 | D:1      | Reached XP level 2. HP: 11/11 MP: 3/6
   587 | D:1      | Learned a level 2 spell: Call Imp
  1386 | D:2      | Reached XP level 3. HP: 14/14 MP: 3/7
  1394 | D:2      | Learned a level 3 spell: Call Canine Familiar
  1701 | D:2      | You fall into a shaft and drop 2 floors!
  1706 | D:4      | Noticed a necrophage
  1734 | D:4      | Noticed a scorpion
  1878 | D:3      | Reached skill level 5 in Summonings
  1939 | D:3      | Noticed Natasha
  1946 | D:3      | Killed Natasha
  1947 | D:3      | Reached XP level 4. HP: 18/18 MP: 9/9
  1960 | D:3      | Noticed Ijyb
  2025 | D:3      | Killed Ijyb
  2751 | D:3      | Noticed Natasha
  2752 | D:3      | Reached XP level 5. HP: 21/21 MP: 4/10
  2757 | D:3      | Killed Natasha
  2828 | D:3      | Noticed Terence
  2865 | D:3      | Killed Terence
  2996 | D:3      | Found a shimmering altar of Xom.
  3025 | D:3      | Noticed Grinder
  3092 | D:3      | Noticed Natasha
  3111 | D:3      | Killed Natasha
  3422 | D:3      | Found a faded altar of an unknown god.
  3829 | D:4      | Gained mutation: You are covered in thick fur. (AC +2)
                  | [Felid growth]
  3829 | D:4      | Reached XP level 6. HP: 25/25 MP: 9/12
  4064 | D:4      | Reached skill level 1 in Fighting
  4177 | D:4      | Noticed Menkaure
  4371 | D:5      | Entered Level 5 of the Dungeon
  5097 | D:5      | Reached skill level 5 in Stealth
  5168 | D:5      | Learned a level 4 spell: Summon Lightning Spire
  5802 | D:6      | Reached skill level 2 in Fighting
  5802 | D:6      | Reached XP level 7. HP: 30/30 MP: 5/13
  6120 | D:6      | Reached skill level 1 in Air Magic
  6523 | D:6      | Noticed a nameless horror
  6581 | D:7      | Found a staircase to the Ecumenical Temple.
  6591 | Temple   | Entered the Ecumenical Temple
  6699 | Temple   | Became a worshipper of Yredelemnul the Dark
  6848 | D:7      | Reached skill level 3 in Fighting
  6848 | D:7      | Noticed a vampire
  7024 | D:6      | Reached XP level 8. HP: 10/34 MP: 8/14
  7467 | D:7      | Reached * piety under Yredelemnul
  7496 | D:7      | Reached ** piety under Yredelemnul
  7515 | D:7      | Reached skill level 4 in Fighting
  7582 | D:7      | Noticed an unseen horror
  8011 | D:8      | Noticed Pikel
  8026 | D:8      | Reached skill level 5 in Air Magic
  8133 | D:8      | Reached XP level 9. HP: 40/40 MP: 11/15
  8273 | D:8      | Killed Pikel
  8274 | D:8      | Reached skill level 5 in Fighting
  8285 | D:8      | Your ally Pikel died
  8412 | D:8      | Noticed Maggie
  8426 | D:8      | Killed Maggie
  8510 | D:8      | Found a staircase to the Lair.
  8527 | D:8      | Your ally Maggie died
  8608 | D:8      | Reached skill level 6 in Fighting
  9169 | D:8      | Reached XP level 10. HP: 20/46 MP: 12/16
 10008 | D:9      | Noticed a skeletal warrior
 10482 | D:9      | Reached skill level 7 in Fighting
 10569 | D:9      | Reached skill level 10 in Summonings
 10747 | D:9      | Noticed a skeletal warrior
 10843 | D:9      | Killed a skeletal warrior
 10844 | D:9      | Reached skill level 8 in Fighting
 10993 | D:9      | Identified the +3 long sword of Qazlal's Whim {elec, *Noise
                  | Will+++ Dex-5 SInv}
 11022 | D:9      | Killed a skeletal warrior
 11023 | D:9      | Reached XP level 11. HP: 52/52 MP: 4/17
 11615 | D:9      | Found a glowing silver altar of Zin.
 11615 | D:9      | Found an iron altar of Okawaru.
 11631 | D:10     | Entered Level 10 of the Dungeon
 11686 | D:10     | Reached skill level 9 in Fighting
 11733 | D:10     | Found a glowing golden altar of the Shining One.
 12202 | D:10     | Hit by a stone thrown by an orc warrior
 12203 | D:10     | Reached XP level 10. HP: 0/49 MP: 3/16
 12203 | D:10     | Found a staircase to the Orcish Mines.
 12431 | D:10     | Found a portal to a secret trove of treasure.
 12510 | D:10     | Reached *** piety under Yredelemnul
 12893 | Temple   | Fell from the grace of Yredelemnul
 12893 | Temple   | Became a worshipper of Gozag Ym Sagoz the Greedy
 13022 | D:7      | Noticed a phantasmal warrior
 13400 | D:6      | Reached skill level 10 in Fighting
 13798 | D:7      | Killed a phantasmal warrior
 13846 | D:7      | Noticed a skeletal warrior
 13846 | D:7      | Noticed a bog body
 14046 | D:11     | Noticed Fannar
 14115 | D:11     | Noticed a two-headed ogre
 14125 | D:11     | Killed a two-headed ogre
 14443 | D:11     | Noticed a jiangshi
 14443 | D:11     | Noticed a phantasmal warrior
 14446 | D:11     | Slain by a jiangshi
 14447 | D:11     | Reached XP level 9. HP: -3/47 MP: 15/15
 14523 | Lair:1   | Entered Level 1 of the Lair of Beasts
 14633 | Lair:1   | Reached XP level 10. HP: 51/51 MP: 9/16
 14663 | Lair:1   | Reached skill level 11 in Fighting
 15103 | Lair:1   | Noticed Sonja
 15183 | Lair:1   | Noticed Harold
 15670 | Lair:1   | Killed Sonja
 15671 | Lair:1   | Reached skill level 12 in Fighting
 16702 | Lair:2   | Noticed a black mamba
 16718 | Lair:2   | Killed a black mamba
 16719 | Lair:2   | Reached XP level 11. HP: 34/57 MP: 3/17
 17144 | Lair:2   | Found a hole to the Spider Nest.
 17618 | Lair:2   | Reached skill level 13 in Fighting
 17702 | Lair:2   | Noticed a seven-headed hydra
 17702 | Lair:2   | Noticed a four-headed hydra
 17727 | Lair:2   | Killed a seven-headed hydra
 18315 | Lair:3   | Noticed a bog body
 18315 | Lair:3   | Noticed a jiangshi
 18359 | Lair:3   | Killed by a bolt of negative energy

Illustrated notes

Levels and vault maps discovered:
D:1:      minmay_arrival_five_plusses, layout_rooms, grunt_decor_mini_mirrors
D:2:      layout_rooms
D:3:      layout_loops_ring, mainiacjoe_overflow_surrounded_room,
          nicolae_ecumenical_lake_church, uniq_natasha, uniq_terence,
          uniq_grinder, uniq_ijyb
D:4:      layout_basic, uniq_menkaure
D:5:      layout_basic
D:6:      layout_loops_ring
D:7:      layout_cave_pools, temple_pool_b, minmay_manual_monstrance
D:8:      layout_gridville, grunt_lair_entry_orc_guard_hut, special_room
          [special_room_orc], palyth_stone_intersect, uniq_pikel, uniq_maggie
D:9:      minmay_cut_squares, layout_basic, gammafunk_temple_overflow_wave,
          minmay_misc_feat_rugged
D:10:     layout_roguey, overflow_temple_1_default, erik_orc_4,
          nicolae_trove_entry_crystal
D:11:     layout_grid_maze, kennysheep_nondescript, uniq_fannar
Temple:   mainiacjoe_temple_coin_purse
Lair:1:   layout_chaotic_city, uniq_sonja, uniq_harold
Lair:2:   layout_layer_cave, spider_nest_entry_webs,
          grunt_forest_large_clearing_hut
Lair:3:   layout_layer_cave, elwin_shoals_entry_rocks, lemuel_fruit_tree

Skill      XL: |  1  2  3  4  5  6  7  8  9 10 11 |
---------------+----------------------------------+-----
Summonings     | 5 6 7 8 9 11 | 11.1
Spellcasting   | 3 |  3.4
Stealth        | 3 5 8 6 |  8.0
Fighting       | 2 3 4 6 12 13 | 13.3
Air Magic      | 2 5 7 8 9 |  9.2
Dodging        | |  2.6

Action                   |  1- 3 |  4- 6 |  7- 9 | 10-12 || total
-------------------------+-------+-------+-------+-------++-------
Melee: Unarmed           |    18 |    31 |    19 |    62 ||   130
       Bite              |     3 |     3 |     4 |     5 ||    15
       Punch             |       |       |     1 |       ||     1
 Cast: Summon Small Mamm |    16 |     3 |     1 |       ||    20
       Call Imp          |    21 |    23 |    12 |     3 ||    59
       Call Canine Famil |       |    28 |    33 |    35 ||    96
       Summon Lightning  |       |       |    24 |    96 ||   120
Invok: Recall Undead Har |       |       |     3 |       ||     3
Evoke: Wand              |       |       |       |     4 ||     4
  Use: Scroll            |       |       |       |    10 ||    10
       Potion            |       |       |       |     3 ||     3
 Stab: Sleeping          |     2 |       |       |       ||     2
       Distracted        |       |     1 |       |       ||     1
Armor: Skin              |     2 |     2 |     5 |     3 ||    12
Dodge: Dodged            |    24 |    39 |    67 |   161 ||   291

Table legend: (Time is in decaauts)
 A = Elapsed time spent in this place.
 B = Non-inter-level travel time spent in this place.
 C = Inter-level travel time spent in this place.
 D = Time resting spent in this place.
 E = Time spent auto-exploring this place.
 F = Levels seen in this place.
 G = Mean time per level.
                   A        B        C        D        E       F      G
               +--------+--------+--------+--------+--------+-----+--------+
         Total |  16466 |  15856 |    610 |   3260 |   8284 |  15 | 1097.7 |
       Dungeon |  12876 |  12326 |    550 |   2194 |   6421 |  11 | 1170.5 |
        Temple |    111 |     91 |     20 |      0 |     32 |   1 |  111.0 |
          Lair |   3478 |   3439 |     39 |   1066 |   1830 |   3 | 1159.3 |
               +--------+--------+--------+--------+--------+-----+--------+

Top non-repeatable levels by time:
     D:8: 2105 daAuts
  Lair:2: 1930 daAuts
     D:5: 1664 daAuts
     D:9: 1576 daAuts
  Lair:1: 1411 daAuts
     D:3: 1336 daAuts
     D:6: 1306 daAuts
     D:1: 1240 daAuts
    D:10: 1059 daAuts
     D:7: 843 daAuts
     D:4: 676 daAuts
     D:2: 644 daAuts
    D:11: 423 daAuts
  Lair:3: 137 daAuts
  Temple: 111 daAuts
